 Dungeon Crawl Stone Soup version 0.30.1-9-gdf580d7c3d (webtiles) character file.

Game seed: 6011393096825143048

83 lonewolfV2 the Shield-Bearer (level 4, -2/41 HPs)
             Began as a Minotaur Fighter on Oct 17, 2023.
             Slain by Grinder (5 damage)
             ... on level 3 of the Dungeon.
             The game lasted 00:02:28 (1411 turns).

lonewolfV2 the Shield-Bearer (Minotaur Fighter)     Turns: 1411, Time: 00:02:29

Health: -2/41      AC:  9    Str: 22    XL:     4   Next: 22%
Magic:  3/3        EV:  8    Int:  5    God:
Gold:   115        SH:  4    Dex: 10    Spells: 3/3 levels left

rFire   . . .        a - +0 war axe
rCold   . . .        c - +0 buckler
rNeg    . . .        i - +0 chain mail
rPois   .            (helmet restricted)
rElec   .            (no cloak)
rCorr   .            (no gloves)
SInv    .            (no boots)
Will    .....        (no amulet) Stlth
                     (no ring)
HPRegen 0.26/turn    (no ring)
MPRegen 0.08/turn

%: no passive effects
@: lethally poisoned (-2 -> -21)
A: horns 2, retaliatory headbutt
a: no special abilities


You were on level 3 of the Dungeon.
You visited 1 branch of the dungeon, and saw 3 of its levels.

You collected 115 gold pieces.

Inventory:

Hand Weapons
 a - a +0 war axe (weapon)
Armour
 b - a +0 scale mail
 c - a +0 buckler (worn)
 i - a +0 chain mail (worn)
Scrolls
 e - 2 scrolls of noise
Potions
 d - 2 potions of might
 f - a potion of curing {unknown}
 g - a potion of brilliance {unknown}
 h - 2 potions of ambrosia
 j - a potion of flight {unknown}
 k - a potion of attraction {unknown}


   Skills:
 + Level 4.3 Fighting
 + Level 3.5 Axes
 + Level 4.3 Armour
 + Level 4.3 Shields


You had 3 spell levels left.
You didn't know any spells.
Your spell library was empty.

Dungeon Overview and Level Annotations

Branches:
Dungeon (3/15)

Altars:

Annotations:
D:3 Grinder, Terence


Innate Abilities, Weirdness & Mutations

You have a pair of horns on your head.
You reflexively headbutt those who attack you in melee.


Message History

You see here 12 gold pieces.
You barely miss the ball python. You headbutt the ball python.
You kill the ball python!
You barely miss the bat. You hit the hobgoblin.
The bat hits you but does no damage. The hobgoblin hits you.
Grinder gestures at you.
You suddenly lose the ability to move!
Terence barely misses you. The bat hits you but does no damage.
Terence hits you with a +0 short sword of venom.
The hobgoblin hits you.
Terence hits you with a +0 short sword of venom!
You are poisoned.
The bat hits you but does no damage.
The orc wizard casts a spell.
The orc wizard flickers and vanishes!
Deactivating autopickup; reactivate with Ctrl-A.
The hobgoblin hits you but does no damage.
Grinder hits you. Terence hits you but does no damage.
You are lethally poisoned!
You feel very sick. The bat hits you. Grinder hits you.
* * * LOW HITPOINT WARNING * * *
The bat hits you but does no damage.
Terence hits you with a +0 short sword of venom.
* * * LOW HITPOINT WARNING * * *
You are more poisoned.
A kobold comes into view. It is wielding a +1 whip of holy wrath.
The hobgoblin hits you but does no damage.
You can move again.
The kobold shouts!
You slash Terence! You headbutt Terence!
Terence is heavily wounded.
You barely miss the bat. You closely miss Grinder. You closely miss the orc.
You closely miss the hobgoblin.
* * * LOW HITPOINT WARNING * * *
You feel extremely sick. The bat hits you.
* * * LOW HITPOINT WARNING * * *
Grinder hits you.
You die...

#######
#.....################
#................?[...
#<....#...............
########.#......<[....
####$.)...........
#.....†#...........
#.#####.....b......
.........o@.......
.........g@5r.....
#.........o{......
.....##...........
..................
....##......$....>
.... #.##......... #.
#........K


You could see Grinder (fast), Terence (berserk), 2 orcs, a quokka, a hobgoblin,
a bat and a kobold.

Vanquished Creatures
  An iguana (D:3)
  An adder (D:2)
  3 dart slugs (D:1)
  An endoplasm (D:2)
  5 goblins
  2 hobgoblins
  7 jackals
  3 kobolds
  3 quokkas (D:1)
  2 ball pythons
  4 bats
  5 frilled lizards
  4 rats
41 creatures vanquished.

Notes
Turn   | Place    | Note
-------+----------+-------------------------------------------
     0 | D:1      | lonewolfV2 the Minotaur Fighter began the quest for the
                  | Orb.
     0 | D:1      | Reached XP level 1. HP: 19/19 MP: 0/0
    75 | D:1      | Reached XP level 2. HP: 27/27 MP: 1/1
   183 | D:1      | Noticed a bullfrog
   517 | D:1      | Reached XP level 3. HP: 33/33 MP: 2/2
   803 | D:2      | Found a faded altar of an unknown god.
  1388 | D:3      | Reached XP level 4. HP: 39/41 MP: 3/3
  1402 | D:3      | Noticed Terence
  1404 | D:3      | Noticed Grinder
  1407 | D:3      | Paralysed by Grinder for 4 turns
  1411 | D:3      | Slain by Grinder

Illustrated notes

Levels and vault maps discovered:
D:1:      evilmike_arrival_come_back, layout_loops_ring, minmay_tromino_v4_b
D:2:      layout_basic, serial_rivers, chequers_serial_rivers_micro_d,
          chequers_serial_rivers_room_b, chequers_serial_rivers_room_a,
          chequers_serial_rivers_micro_c, chequers_serial_rivers_small_b,
          chequers_ecumenical_altar_simple
D:3:      layout_rooms, uniq_terence, uniq_grinder

Skill      XL: |  1  2 |
---------------+-------+-----
Fighting       | 4 |  4.3
Armour         | 4 |  4.3
Axes           | 3 |  3.5
Shields        | 4 |  4.3

Action                     |  1- 3 |  4- 6 || total
---------------------------+-------+-------++-------
  Melee: War axe           |    73 |     8 ||    81
         Headbutt          |     9 |     2 ||    11
    Use: Scroll            |     4 |       ||     4
 Armour: Scale mail        |    30 |       ||    30
         Chain mail        |    28 |    12 ||    40
  Dodge: Dodged            |    39 |     6 ||    45
  Block: Buckler           |    15 |     5 ||    20
